 Dungeon Crawl Stone Soup version 0.28.0-43-g3370ac3207 (webtiles) character file.

Game seed: 14022357360781039218

1857 Zeld the Zephyrmancer (level 9, -1/50 HPs)
             Began as a Tengu Air Elementalist on Mar 30, 2022.
             Was an Initiate of Vehumet.
             Slain by an orc warrior
             ... wielding a +0 broad axe
              (12 damage)
             ... in a bailey.
             The game lasted 00:11:38 (9209 turns).

Zeld the Zephyrmancer (Tengu Air Elementalist)      Turns: 9209, Time: 00:11:38

Health: -1/50      AC:  4    Str:  9    XL:     9   Next: 13%
Magic:  7/19       EV: 15    Int: 20    God:    Vehumet [......]
Gold:   322        SH:  0    Dex: 14    Spells: 10/20 levels left

rFire   . . .      SeeInvis .   a - staff of air
rCold   . . .      Faith    .   (no shield)
rNeg    . . .      Spirit   .   k - +0 robe
rPois   .          Reflect  .   (helmet restricted)
rElec   +          Harm     .   h - +0 cloak
rCorr   .          Rampage  .   o - +0 pair of gloves
Will    .....                   (boots unavailable)
Stlth   ++........              (no amulet)
HPRegen 0.16/turn               (no ring)
MPRegen 0.16/turn               (no ring)

@: lethally poisoned (-1 -> -6), about to teleport, flying quickly and
evasively, quick
A: beak, talons 3, nimble flight
a: Renounce Religion


You were in a bailey.
You worshipped Vehumet.
Vehumet was noncommittal.
You visited 2 branches of the dungeon, and saw 8 of its levels.
You also visited: Bailey.

You collected 322 gold pieces.

Inventory:

Armour
 h - a +0 cloak (worn)
 k - a +0 robe (worn)
 o - a +0 pair of gloves (worn)
Magical Staves
 a - a staff of air (weapon)
Wands
 n - a wand of iceblast (22)
 p - a wand of charming (4)
 t - a wand of paralysis (6)
Scrolls
 b - 2 scrolls of identify
 e - a scroll of enchant armour
 j - 2 scrolls of enchant weapon
 m - 2 scrolls of amnesia
 q - 2 scrolls of teleportation
 s - a scroll of fear
Potions
 c - 2 potions of might {unknown}
 f - a potion of ambrosia {unknown}
 g - a potion of haste {unknown}
 l - a potion of mutation {unknown}
 r - a potion of berserk rage {unknown}
 u - a potion of cancellation {unknown}
 v - 2 potions of flight {unknown}
 w - a potion of curing {unknown}


   Skills:
 + Level 3.1 Fighting
 - Level 3.0 Dodging
 - Level 3.0 Stealth
 * Level 6.1 Spellcasting
 + Level 6.0 Conjurations
 * Level 9.2 Air Magic
 + Level 3.1 Evocations


You had 10 spell levels left.
You knew the following spells:

 Your Spells              Type           Power      Damage    Failure   Level
a - Shock                 Conj/Air       100%       1d9       1%          1
b - Static Discharge      Conj/Air       53%        N/A       1%          2
c - Swiftness             Air            59%        N/A       1%          3
d - Airstrike             Air            29%        N/A       2%          4

Your spell library contained the following spells:

 Spells                   Type           Power      Damage    Failure   Level


Dungeon Overview and Level Annotations

Branches:
Dungeon (7/15)             Temple (1/1) D:5          Bailey (1/1)

Altars:
Cheibriados
Dithmenos
Gozag
Kikubaaqudgha
Okawaru
Qazlal
Ru
Sif Muna
Trog
Vehumet
Wu Jian
Xom
Zin

Shops:
D:2 =   D:4 [


Innate Abilities, Weirdness & Mutations

You have a beak for a mouth.
You have claws for feet.
Your magical nature lets you fly swiftly and evasively.


Message History

The kobold brigand throws a poisoned dart.
The poisoned dart hits you!
You are poisoned.
The kobold brigand misses you. The kobold brigand barely misses you.
Unknown command.
Unknown command.
Casting: Static Discharge (safe; 1% risk of failure)
Confirm with . or Enter, or press ? or * to list all spells.
You feel a surge of power!
The kobold brigand is struck by an arc of lightning!
You kill the kobold brigand!
Vehumet accepts your kill.
The lightning grounds out.
You feel sick.
The orc warrior hits you with a +0 broad axe!
The kobold brigand barely misses you.
Unknown command.
Unknown command.
Unknown command.
Casting: Static Discharge (safe; 1% risk of failure)
Confirm with . or Enter, or press ? or * to list all spells.
You feel a surge of power!
The orc warrior is struck by an arc of lightning!
The orc warrior is moderately wounded.
The lightning grounds out.
The kobold brigand is struck by an arc of lightning.
The kobold brigand is lightly wounded.
The lightning grounds out.
The kobold brigand is struck by an arc of lightning.
The kobold brigand is lightly wounded.
The lightning grounds out.
You feel sick.
The kobold brigand hits you with a +0 war axe.
The orc warrior hits you with a +0 broad axe!
The kobold brigand hits you with a +0 war axe!
* * * LOW HITPOINT WARNING * * *
Unknown command.
As you read the scroll of teleportation, it crumbles to dust.
You feel strangely unstable.
You feel sick. The kobold brigand barely misses you.
The orc warrior hits you with a +0 broad axe!
You die...

##..∩..##
##'''## #...#
#...# #.((#
####.(.####
##≈...(...≈##
#≈≈..(()(.≈≈###
.≈≈....@K.≈≈...
#≈≈...oK(.≈≈###
.≈≈.......≈≈...
#≈≈.......≈≈###
.≈≈.......≈≈..
#≈≈.......≈≈###
.≈≈.......≈≈.
#≈≈.......≈≈##


You could see an orc warrior and 2 kobold brigands.

Vanquished Creatures
  A water moccasin (D:6)
  Duvessa (D:6)
  A sky beast (D:6)
  3 ogres
  An ice beast (D:4)
  The ghost of Icepheonix32 the Firebug, an amateur DrFE (D:4)
  A kobold brigand (Bailey)
  2 scorpions
  Dowan (D:6)
  2 water moccasin skeletons
  4 wights
  A jelly (D:5)
  A centaur zombie (D:6)
  A bullfrog zombie (D:4)
  3 hounds
  2 orc priests (D:4)
  A water moccasin simulacrum (D:4)
  Crazy Yiuf (D:2)
  An iguana (D:6)
  2 orc wizards (D:6)
  2 centaur simulacra (D:4)
  A scorpion simulacrum (D:4)
  A howler monkey zombie (D:5)
  6 adders
  A hound simulacrum (D:4)
  A white imp (D:5)
  A howler monkey simulacrum (D:4)
  A worm (D:2)
  5 dart slugs
  An adder simulacrum (D:4)
  7 orcs
  5 bats
  6 endoplasms
  7 giant cockroaches
  10 goblins
  3 hobgoblins
  8 jackals
  2 quokkas
  11 ball pythons
  4 frilled lizards
  14 kobolds
  4 rats
132 creatures vanquished.

Vanquished Creatures (others)
  7 fungi (D:5)
7 creatures vanquished.

Grand Total: 139 creatures vanquished

Notes
Turn   | Place    | Note
-------+----------+-------------------------------------------
     0 | D:1      | Zeld the Tengu Air Elementalist began the quest for the
                  | Orb.
     0 | D:1      | Reached XP level 1. HP: 10/10 MP: 4/4
   138 | D:1      | Reached XP level 2. HP: 13/15 MP: 1/6
   797 | D:1      | Reached XP level 3. HP: 18/19 MP: 0/7
   800 | D:1      | Learned a level 2 spell: Static Discharge
   804 | D:1      | Learned a level 3 spell: Swiftness
  1109 | D:2      | Found a faded altar of an unknown god.
  1310 | D:2      | Found Migable's Jewellery Emporium.
  1472 | D:2      | Found a runed translucent door.
  1473 | D:2      | Noticed Crazy Yiuf
  2292 | D:2      | Reached skill level 5 in Air Magic
  2410 | D:2      | Killed Crazy Yiuf
  2411 | D:2      | Reached XP level 4. HP: 15/24 MP: 0/9
  2759 | D:3      | Gained mutation: Your magical nature lets you fly swiftly
                  | and evasively. [Tengu growth]
  2759 | D:3      | Reached XP level 5. HP: 19/28 MP: 1/10
  2874 | D:3      | Learned a level 4 spell: Airstrike
  2876 | D:3      | Found a shimmering altar of Xom.
  3545 | D:4      | Noticed an ogre
  3569 | D:4      | Noticed an ice beast
  3769 | D:4      | Reached XP level 6. HP: 32/32 MP: 10/12
  3857 | D:4      | Found Idao's Antique Armour Emporium.
  3861 | D:4      | Reached skill level 6 in Air Magic
  3862 | D:4      | Found a runed translucent gate.
  3862 | D:4      | Found a runed translucent gate.
  4420 | D:4      | Reached XP level 7. HP: 34/36 MP: 7/14
  4485 | D:4      | Found a runed translucent gate.
  4740 | D:4      | Reached skill level 7 in Air Magic
  4846 | D:4      | Noticed Icepheonix32's ghost (amateur DrFE)
  4966 | D:4      | Found Idao's Antique Armour Emporium.
  5577 | D:4      | Killed Icepheonix32's ghost
  5579 | D:4      | Reached skill level 1 in Fighting
  5579 | D:4      | Reached skill level 1 in Evocations
  5830 | D:5      | Entered Level 5 of the Dungeon
  5959 | D:5      | Reached XP level 8. HP: 35/43 MP: 9/16
  6189 | D:5      | Found a staircase to the Ecumenical Temple.
  6213 | Temple   | Entered the Ecumenical Temple
  6365 | Temple   | Became a worshipper of Vehumet
  7195 | D:5      | Reached skill level 5 in Spellcasting
  7384 | D:6      | Reached skill level 5 in Conjurations
  7384 | D:6      | Reached skill level 8 in Air Magic
  7612 | D:6      | Noticed Duvessa
  7616 | D:6      | Noticed Dowan
  7684 | D:6      | Killed Duvessa
  7694 | D:6      | Killed Dowan
  8557 | D:7      | Reached XP level 9. HP: 48/49 MP: 12/18
  8752 | D:7      | Found a flagged portal.
  8788 | D:7      | Reached skill level 9 in Air Magic
  9106 | Bailey   | Entered a bailey
  9209 | Bailey   | Slain by an orc warrior

Illustrated notes

Levels and vault maps discovered:
D:1:      dpeg_arrival_arbitrary_a, layout_loops_ring, minmay_small_reverse_x
D:2:      layout_loops_corners, serial_shops, nicolae_shop_advertising_works
          [nicolae_subvault_shop_adworks],
          chequers_ecumenical_altar_simple_redux, uniq_crazy_yiuf_cottage
D:3:      layout_basic, xom_teletrap_fun
D:4:      layout_loops_cross, gammafunk_ghost_icy, serial_shops,
          nicolae_stop_n_shop_2
D:5:      layout_basic, minmay_temple_entry_glassed_door, serial_aquarium,
          aquarium_bridge_straight [aquarium_subvault_bridge,
          aquarium_subvault_balcony, aquarium_subvault_bridge,
          aquarium_subvault_window], aquarium_bridge_square
          [aquarium_subvault_bridge, aquarium_subvault_wall,
          aquarium_subvault_window, aquarium_subvault_window],
          aquarium_window_fake, aquarium_window_1, aquarium_window_2,
          aquarium_view_2b, aquarium_balcony_double_1, st_stairs_8
D:6:      layout_loops_cross, uniq_duvessa
D:7:      layout_gridville, nemelex_xobeh_ov_fountains_minmay, enter_bailey_2,
          minivault_26, nicolae_shop_overcharged_wands
Temple:   hc_temple_tempest_star
Bailey:   bailey_axe_3, bailey

Skill      XL: |  1  2  3  4  5  6  7  8  9 |
---------------+----------------------------+-----
Conjurations   | 2 3 4 5 6 |  6.0
Air Magic      | 5 6 7 8 9 |  9.2
Spellcasting   | 3 4 5 6 |  6.1
Dodging        | 3 |  3.0
Stealth        | 3 |  3.0
Fighting       | 1 2 3 |  3.1
Evocations     | 1 2 3 |  3.1

Action                   |  1- 3 |  4- 6 |  7- 9 || total
-------------------------+-------+-------+-------++-------
Melee: Unarmed           |     8 |       |       ||     8
       Kick              |     3 |     1 |       ||     4
       Punch             |     1 |       |       ||     1
       Peck              |     2 |       |       ||     2
       Staff             |     1 |     1 |     1 ||     3
 Cast: Shock             |    73 |    93 |   109 ||   275
       Static Discharge  |     4 |     3 |    32 ||    39
Evoke: Wand              |       |       |     7 ||     7
  Use: Scroll            |       |       |    13 ||    13
       Potion            |       |       |     2 ||     2
Armor: Robe              |     6 |     2 |    14 ||    22
Dodge: Dodged            |    13 |     9 |    58 ||    80
